[Event "4NCL Div 1 2018-19"]
[Site "Telford"]
[Date "2019.02.09"]
[Round "5.17"]
[White "Gordon, Stephen J"]
[Black "Gormally, Daniel W"]
[Result "0-1"]
[ECO "E04"]
[WhiteElo "2544"]
[BlackElo "2483"]
[Annotator "ChessBase"]
[PlyCount "74"]
[EventDate "2018.11.10"]
[EventType "team-tourn"]
[EventCountry "GBR"]
[SourceTitle "playchess.com"]
[Source "ChessBase"]
[SourceQuality "1"]
[TimeControl "40/6000+30:3000+30"]

1. Nf3 Nf6 2. c4 e6 3. g3 d5 4. d4 dxc4 5. Bg2 Nbd7 6. O-O c6 7. a4 a5 8. Qc2 Nd5 9. Qxc4 Be7 10. Nc3 Nb4 11. Rd1 b6 12. Bf4 O-O 13. Rac1 Ba6 14. Qb3 Ra7 15. Bf1 Qa8 16. h4 Rd8 17. g4 Nf8 18. g5 Rad7 19. h5 c5 20. dxc5 bxc5 21. Rxd7 Rxd7 22. Nb5 Nd3 23. Rc4 Bb7 24. Bg3 Bxf3 25. exf3 Nb4 26. f4 Qd5 27. Be2 Qd2 28. Kf1 Nd3 29. Rc2 Qe1+ 30. Kg2 Nb4 31. Bf3 Nxc2 32. Qxc2 Qd2 33. Qb3 Qb4 34. Qe3 c4 35. h6 Ng6 36. f5 exf5 37. Nc3 Qc5 0-1

[Event "4NCL Div 1 2018-19"]
[Site "Telford"]
[Date "2019.02.09"]
[Round "5.18"]
[White "Hunt, Harriet V"]
[Black "Guichard, Pauline"]
[Result "1-0"]
[ECO "C70"]
[WhiteElo "2417"]
[BlackElo "2382"]
[Annotator "ChessBase"]
[PlyCount "123"]
[EventDate "2018.11.10"]
[EventType "team-tourn"]
[EventCountry "GBR"]
[SourceTitle "playchess.com"]
[Source "ChessBase"]
[SourceQuality "1"]
[TimeControl "40/6000+30:3000+30"]

1. e4 e5 2. Nf3 Nc6 3. Bb5 a6 4. Ba4 g6 5. c3 Bg7 6. d4 exd4 7. cxd4 b5 8. Bb3 d6 9. h3 Nge7 10. O-O O-O 11. Nc3 Bb7 12. Bg5 Qd7 13. a3 Na5 14. Ba2 Nc4 15. Qe2 Nb6 16. Rfe1 Rae8 17. Qd2 Nc4 18. Bxc4 bxc4 19. Bh6 Bxh6 20. Qxh6 f6 21. d5 c6 22. Rad1 cxd5 23. exd5 Nf5 24. Qf4 Rc8 25. Ne4 g5 26. Qg4 Rcd8 27. Nc3 Nh4 28. Nxh4 Qxg4 29. hxg4 gxh4 30. Re4 Rc8 31. Re6 Rcd8 32. Rd4 f5 33. Re7 Bc8 34. g5 Rd7 35. Rxd7 Bxd7 36. Rxc4 Kf7 37. Rxh4 Kg6 38. Rh6+ Kxg5 39. Rxd6 Bc8 40. Rc6 h5 41. f3 Kf4 42. Kf2 h4 43. Rc4+ Kg5 44. Ne2 Rd8 45. Nf4 Kf6 46. Ke3 Bd7 47. Kd4 a5 48. b4 axb4 49. axb4 Kg5 50. Ke5 Rb8 51. Kd6 Bb5 52. Ne6+ Kh5 53. Rf4 Bd3 54. Rd4 Bf1 55. Nf4+ Kg5 56. Ke7 Bxg2 57. Nxg2 h3 58. Nf4 Rb7+ 59. Ke6 h2 60. Nh3+ Kh5 61. Nf2 Rg7 62. d6 1-0

[Event "4NCL Div 1 2018-19"]
[Site "Telford"]
[Date "2019.02.09"]
[Round "5.18"]
[White "Taylor, Adam A"]
[Black "Tan, Justin"]
[Result "0-1"]
[ECO "A07"]
[WhiteElo "2222"]
[BlackElo "2508"]
[Annotator "RC"]
[PlyCount "60"]
[EventDate "2018.11.10"]
[EventType "team-tourn"]
[EventCountry "GBR"]
[SourceTitle "playchess.com"]
[Source "ChessBase"]
[SourceQuality "1"]
[TimeControl "40/6000+30:3000+30"]

1. Nf3 d5 2. g3 Bg4 3. Bg2 Nd7 4. c4 e6 5. cxd5 exd5 6. O-O Ngf6 7. d4 Bd6 8. Nc3 c6 9. Bg5 O-O 10. Qd2 Re8 11. Bf4 Bb4 12. Qc2 Qe7 13. Rfe1 Ne4 14. a3 Bxc3 15. bxc3 Nb6 16. a4 g5 17. Bc1 Qf6 18. Rf1 Bf5 19. Qb3 Qe7 20. Ne5 f6 21. a5 fxe5 22. axb6 exd4 23. cxd4 axb6 24. Rxa8 Rxa8 25. Qxb6 Nc3 26. e3 Bd3 27. Re1 Bb5 28. Qc5 Qxc5 29. dxc5 Ra2 30. Bh3 Re2 0-1

[Event "4NCL Div 1 2018-19"]
[Site "Telford"]
[Date "2019.02.09"]
[Round "5.19"]
[White "Fernandez, Daniel Howard"]
[Black "Moreby, James"]
[Result "1-0"]
[ECO "C01"]
[WhiteElo "2471"]
[BlackElo "2252"]
[Annotator "ChessBase"]
[PlyCount "115"]
[EventDate "2018.11.10"]
[EventType "team-tourn"]
[EventCountry "GBR"]
[SourceTitle "playchess.com"]
[Source "ChessBase"]
[SourceQuality "1"]
[TimeControl "40/6000+30:3000+30"]

1. e4 e6 2. d4 d5 3. Nc3 Nf6 4. Bg5 Bb4 5. exd5 exd5 6. Qf3 Nbd7 7. a3 Bxc3+ 8. Qxc3 O-O 9. f3 c6 10. Bd3 Re8+ 11. Ne2 Ne4 12. Bxd8 Nxc3 13. Bh4 Nxe2 14. Bxe2 Nf8 15. Kd2 Bf5 16. Rhe1 Ne6 17. Bf2 Kf8 18. a4 Ke7 19. Bf1 Kd7 20. a5 Nc7 21. Re5 Bg6 22. g3 f6 23. Bh3+ Kd6 24. Re3 Nb5 25. c3 Kc7 26. Rae1 Rxe3 27. Bxe3 Re8 28. b3 Kd8 29. Bf1 a6 30. c4 dxc4 31. bxc4 Nd6 32. Kc3 Nf5 33. Bf2 Rxe1 34. Bxe1 Nd6 35. g4 h5 36. h3 hxg4 37. hxg4 Bf7 38. Kb4 Be6 39. Kc5 Nc8 40. Be2 f5 41. d5 cxd5 42. cxd5 Bd7 43. Bc3 g6 44. Bf6+ Ke8 45. g5 Ba4 46. f4 Kd7 47. Be5 Bb3 48. Bf3 Ba4 49. d6 Bc6 50. Bd1 Na7 51. Bb3 Ke8 52. Kb6 Nb5 53. Be6 Bd7 54. Bd5 Bc8 55. Bxb7 Bxb7 56. Kxb7 Kd7 57. Kxa6 Na3 58. Kb7 1-0

[Event "4NCL Div 1 2018-19"]
[Site "Telford"]
[Date "2019.02.09"]
[Round "5.19"]
[White "Longson, Alexander"]
[Black "Bates, Richard A"]
[Result "1/2-1/2"]
[ECO "B90"]
[WhiteElo "2322"]
[BlackElo "2378"]
[Annotator "NA"]
[PlyCount "74"]
[EventDate "2018.11.10"]
[EventType "team-tourn"]
[EventCountry "GBR"]
[SourceTitle "playchess.com"]
[Source "ChessBase"]
[SourceQuality "1"]
[TimeControl "40/6000+30:3000+30"]

1. e4 c5 2. Nf3 d6 3. d4 cxd4 4. Nxd4 Nf6 5. Nc3 a6 6. Be3 e5 7. Nb3 Be7 8. f3 Be6 9. Qd2 O-O 10. O-O-O a5 11. a4 Nc6 12. g4 Nb4 13. g5 Nd7 14. h4 Rc8 15. Kb1 Nb6 16. Bb5 d5 17. Qf2 d4 18. Nxd4 exd4 19. Bxd4 Nc4 20. Bxg7 Qc7 21. Bxf8 Na3+ 22. bxa3 Qxc3 23. axb4 Qxb4+ 24. Kc1 Qa3+ 25. Kd2 Bxf8 26. Bd3 Bc5 27. Qg3 Bd6 28. e5 Qc3+ 29. Ke2 Bxe5 30. f4 Bd4 31. Kf1 Bb6 32. Rh2 Qc5 33. Re2 Bh3+ 34. Ke1 Qb4+ 35. Rdd2 Qb1+ 36. Rd1 Qb4+ 37. Rdd2 Qb1+ 1/2-1/2

[Event "4NCL Div 1 2018-19"]
[Site "Telford"]
[Date "2019.02.09"]
[Round "5.20"]
[White "Ledger, Andrew J"]
[Black "Ashton, Adam G"]
[Result "0-1"]
[ECO "D35"]
[WhiteElo "2348"]
[BlackElo "2332"]
[Annotator "NA"]
[PlyCount "90"]
[EventDate "2018.11.10"]
[EventType "team-tourn"]
[EventCountry "GBR"]
[SourceTitle "playchess.com"]
[Source "ChessBase"]
[SourceQuality "1"]
[TimeControl "40/6000+30:3000+30"]

1. d4 d5 2. c4 e6 3. Nc3 Nf6 4. cxd5 exd5 5. Bg5 Be7 6. e3 Nbd7 7. Bd3 c6 8. Nf3 h6 9. Bh4 Nh5 10. Bxe7 Qxe7 11. O-O O-O 12. Rb1 Nhf6 13. Re1 Re8 14. b4 a6 15. a4 Ne4 16. Qc2 Ndf6 17. Ne5 Bf5 18. Ne2 Bh7 19. Nf4 Rac8 20. a5 Nd6 21. Bxh7+ Nxh7 22. Nfd3 f6 23. Nf3 Qe4 24. Rbc1 Re7 25. Nc5 Qg4 26. h3 Qh5 27. Nd2 Ng5 28. Nf1 Nge4 29. f3 Ng5 30. Ng3 Qh4 31. Kh2 Rce8 32. Nxb7 Rxb7 33. Qxc6 Ngf7 34. Nf5 Nxf5 35. Qxe8+ Kh7 36. Re2 Qg3+ 37. Kh1 Re7 38. Qc8 Nxd4 39. Rd2 Rxe3 40. Rg1 Qe5 41. Qxa6 Nf5 42. g4 Rxf3 43. Rd3 Rf2 44. Rg2 Rf1+ 45. Rg1 Qe4+ 0-1

[Event "4NCL Div 1 2018-19"]
[Site "Telford"]
[Date "2019.02.09"]
[Round "5.20"]
[White "Coathup, Roger H"]
[Black "Haria, Ravi"]
[Result "0-1"]
[ECO "D31"]
[WhiteElo "2162"]
[BlackElo "2436"]
[Annotator "NA"]
[PlyCount "56"]
[EventDate "2018.11.10"]
[EventType "team-tourn"]
[EventCountry "GBR"]
[SourceTitle "playchess.com"]
[Source "ChessBase"]
[SourceQuality "1"]
[TimeControl "40/6000+30:3000+30"]

1. d4 e6 2. c4 d5 3. Nc3 a6 4. e4 dxe4 5. Nxe4 Bb4+ 6. Nc3 c5 7. a3 Ba5 8. Nf3 Nf6 9. Bg5 cxd4 10. Nxd4 Bxc3+ 11. bxc3 Qa5 12. Bd2 O-O 13. Be2 Rd8 $15 14. Qc2 h6 15. O-O e5 16. Nb3 Qc7 17. Be3 Ng4 18. Bxg4 Bxg4 19. Nc5 Nd7 20. Nxd7 Bxd7 21. Rab1 Qxc4 22. Rxb7 Bb5 23. Rc1 Rd3 24. Ba7 Qd5 25. Rb8+ Rxb8 26. Bxb8 Rd2 27. Qb1 Bc6 28. f3 Rxg2+ 0-1

[Event "4NCL Div 1 2018-19"]
[Site "Telford"]
[Date "2019.02.09"]
[Round "5.21"]
[White "Houska, Jovanka"]
[Black "Buckley, David E"]
[Result "1-0"]
[ECO "A49"]
[WhiteElo "2424"]
[BlackElo "2247"]
[Annotator "NA"]
[PlyCount "71"]
[EventDate "2018.11.10"]
[EventType "team-tourn"]
[EventCountry "GBR"]
[SourceTitle "playchess.com"]
[Source "ChessBase"]
[SourceQuality "1"]
[TimeControl "40/6000+30:3000+30"]

1. d4 Nf6 2. Nf3 g6 3. g3 Bg7 4. Bg2 O-O 5. O-O d6 6. b3 e5 7. dxe5 Ng4 8. Bb2 Nxe5 9. Nxe5 dxe5 10. Nd2 Qe7 11. Nc4 Rd8 12. Qc1 Nc6 13. Bxc6 bxc6 14. Qe3 f6 15. Rfd1 Rd5 $14 16. Qc3 Ba6 17. Rxd5 cxd5 18. Nxe5 fxe5 19. Qc6 Re8 20. Qxa6 Qc5 21. Ba3 Qd4 22. c3 Qb6 23. Qd3 c6 24. e4 dxe4 25. Qxe4 Rd8 26. Qc4+ Rd5 27. Rd1 Qd8 28. Bc5 Kh8 29. Re1 Qd7 30. a4 Bh6 31. Kg2 Qf5 32. Bxa7 Bd2 33. Qxc6 Bxe1 34. Qxd5 Bxc3 35. Qd8+ Kg7 36. Qc7+ 1-0

[Event "4NCL Div 1 2018-19"]
[Site "Telford"]
[Date "2019.02.09"]
[Round "5.21"]
[White "Abbas, Daniel"]
[Black "Ansell, Simon T"]
[Result "1-0"]
[ECO "B31"]
[WhiteElo "2281"]
[BlackElo "2336"]
[Annotator "NA"]
[PlyCount "53"]
[EventDate "2018.11.10"]
[EventType "team-tourn"]
[EventCountry "GBR"]
[SourceTitle "playchess.com"]
[Source "ChessBase"]
[SourceQuality "1"]
[TimeControl "40/6000+30:3000+30"]

1. e4 c5 2. Nf3 Nc6 3. Bb5 g6 4. Bxc6 dxc6 5. d3 Bg7 6. h3 Nf6 7. Nc3 Nd7 8. O-O e5 9. Be3 b6 10. Qd2 h6 11. Nh2 Nf8 12. f4 exf4 13. Bxf4 g5 14. Bg3 Ng6 15. e5 O-O 16. Rae1 h5 17. Ne4 h4 18. Bf2 Bxe5 19. Nxg5 Qc7 20. Nhf3 Bf4 21. Be3 Bxe3+ 22. Qxe3 f6 23. Ne6 Bxe6 24. Qxe6+ Kg7 25. Qg4 Qg3 26. Re7+ Kh6 27. Qh5+ 1-0

[Event "4NCL Div 1 2018-19"]
[Site "Telford"]
[Date "2019.02.09"]
[Round "5.22"]
[White "Webb, Laurence E"]
[Black "Walton, Alan J"]
[Result "1-0"]
[ECO "C02"]
[WhiteElo "2333"]
[BlackElo "2140"]
[Annotator "NA"]
[PlyCount "99"]
[EventDate "2018.11.10"]
[EventType "team-tourn"]
[EventCountry "GBR"]
[SourceTitle "playchess.com"]
[Source "ChessBase"]
[SourceQuality "1"]
[TimeControl "40/6000+30:3000+30"]

1. e4 e6 2. d4 d5 3. e5 c5 4. c3 Nc6 5. Nf3 Qb6 6. a3 Nh6 7. b4 cxd4 8. cxd4 Nf5 9. Be3 f6 10. exf6 gxf6 11. Bd3 Nxe3 12. fxe3 Bh6 13. Qe2 O-O 14. Nc3 Ne7 15. Na4 Qd6 16. O-O Ng6 17. Bxg6 hxg6 18. e4 b6 19. e5 Qd7 20. Nc3 f5 21. h4 Qe7 22. Qf2 Bd7 23. Qg3 Kg7 24. Rfe1 Rac8 25. Ne2 Be3+ 26. Kh2 f4 27. Qg4 Rf5 28. Neg1 Bb5 29. Nh3 Bd3 30. Rxe3 fxe3 31. Nf4 Rxf4 32. Qxf4 Be4 33. Ng5 Rc3 34. Rf1 Bf5 35. g4 e2 36. Re1 Bd3 37. h5 Rxa3 38. h6+ Kxh6 39. Nxe6+ Kh7 40. Ng5+ Kg7 41. Kg2 Be4+ 42. Nxe4 dxe4 43. Rh1 e1=Q 44. Qh6+ Kg8 45. Qxg6+ Qg7 46. Qxg7+ Kxg7 47. Rxe1 Rb3 48. Rxe4 Rxb4 49. Kf3 a5 50. d5 1-0

[Event "4NCL Div 1 2018-19"]
[Site "Telford"]
[Date "2019.02.09"]
[Round "5.22"]
[White "Dunn, Andrew"]
[Black "Harvey, Marcus R"]
[Result "0-1"]
[ECO "E16"]
[WhiteElo "2155"]
[BlackElo "2399"]
[Annotator "NA"]
[PlyCount "56"]
[EventDate "2018.11.10"]
[EventType "team-tourn"]
[EventCountry "GBR"]
[SourceTitle "playchess.com"]
[Source "ChessBase"]
[SourceQuality "1"]
[TimeControl "40/6000+30:3000+30"]

1. d4 Nf6 2. c4 e6 3. Nf3 b6 4. g3 Bb4+ 5. Bd2 Be7 6. Bg2 Bb7 7. Nc3 Ne4 8. d5 Nxd2 9. Qxd2 a5 10. O-O Na6 11. Nd4 Nc5 12. dxe6 fxe6 13. Bxb7 Nxb7 14. Rad1 O-O 15. Qc2 Qe8 16. Ndb5 Rc8 17. Qd2 Nc5 18. a3 d6 19. b4 axb4 20. axb4 Na6 21. Na2 Ra8 22. Nd4 Bf6 23. b5 Nc5 24. Nc3 Ra3 25. Nb1 Ra4 26. e3 Rxc4 27. Qe2 Ra4 28. Qg4 e5 0-1

[Event "4NCL Div 1 2018-19"]
[Site "Telford"]
[Date "2019.02.09"]
[Round "5.23"]
[White "McDonald, Neil"]
[Black "Dargan, Paul A G"]
[Result "1-0"]
[ECO "B31"]
[WhiteElo "2408"]
[BlackElo "2207"]
[Annotator "NA"]
[PlyCount "55"]
[EventDate "2018.11.10"]
[EventType "team-tourn"]
[EventCountry "GBR"]
[SourceTitle "playchess.com"]
[Source "ChessBase"]
[SourceQuality "1"]
[TimeControl "40/6000+30:3000+30"]

1. e4 c5 2. Nf3 Nc6 3. Bb5 g6 4. Bxc6 dxc6 5. d3 Qc7 6. a4 Nf6 7. h3 e5 8. Nc3 h6 9. a5 Be6 10. b3 Rd8 11. Be3 c4 12. bxc4 Bb4 13. Bd2 Bxa5 14. O-O Bb6 15. Na4 Nd7 16. Nxb6 axb6 17. Nh4 g5 18. Nf5 Bxf5 19. exf5 O-O 20. Qh5 Kg7 21. Bxg5 hxg5 22. Qxg5+ Kh7 23. f6 Nxf6 24. Qxf6 Qd6 25. Qf5+ Kg7 26. Rfe1 Rde8 27. Rab1 Qc5 28. Qg5+ 1-0

[Event "4NCL Div 1 2018-19"]
[Site "Telford"]
[Date "2019.02.09"]
[Round "5.23"]
[White "Longson, Sarah N"]
[Black "Ledger, Dave J"]
[Result "1-0"]
[ECO "C54"]
[WhiteElo "2101"]
[BlackElo "2237"]
[Annotator "NA"]
[PlyCount "99"]
[EventDate "2018.11.10"]
[EventType "team-tourn"]
[EventCountry "GBR"]
[SourceTitle "playchess.com"]
[Source "ChessBase"]
[SourceQuality "1"]
[TimeControl "40/6000+30:3000+30"]

1. e4 e5 2. Nf3 Nc6 3. Bc4 Bc5 4. O-O Nf6 5. d3 d6 6. c3 a6 7. Bb3 Ba7 8. Nbd2 O-O 9. h3 Be6 10. Re1 Re8 11. Nf1 Ne7 12. Ng5 Ng6 13. Nxe6 fxe6 14. Ne3 Kh8 15. Ng4 Nh5 16. d4 Qh4 17. Be3 Nhf4 18. Bxf4 Nxf4 19. g3 Qxh3 20. gxf4 exf4 21. Nh2 e5 22. Qf3 Qh6 23. Rad1 Re7 24. Qg4 Qf6 25. Nf3 Rf8 26. Kg2 g6 27. Qg5 Kg7 28. dxe5 dxe5 29. Qxf6+ Kxf6 30. Rd5 h5 31. Red1 g5 32. Rd8 Rxd8 33. Rxd8 g4 34. Nh4 Kg5 35. Nf5 Rh7 36. Rg8+ Kf6 37. Rf8+ Kg5 38. Rg8+ Kf6 39. Rf8+ Kg5 40. Re8 f3+ 41. Kg3 c6 42. Rg8+ Kf6 43. Nh4 a5 44. Rg6+ Ke7 45. Nf5+ Kd7 46. Bg8 Rh8 47. Rg7+ Kc8 48. Nd6+ Kb8 49. Nf7 h4+ 50. Kxg4 1-0

[Event "4NCL Div 1 2018-19"]
[Site "Telford"]
[Date "2019.02.09"]
[Round "5.24"]
[White "Ledger, Stephen C"]
[Black "Reeve, Andy K"]
[Result "1/2-1/2"]
[ECO "B07"]
[WhiteElo "2023"]
[BlackElo "2085"]
[Annotator "NA"]
[PlyCount "120"]
[EventDate "2018.11.10"]
[EventType "team-tourn"]
[EventCountry "GBR"]
[SourceTitle "playchess.com"]
[Source "ChessBase"]
[SourceQuality "1"]
[TimeControl "40/6000+30:3000+30"]

1. d4 d6 2. e4 Nf6 3. Nc3 c6 4. Nf3 Bg4 5. h3 Bh5 6. Qe2 Bg6 7. Nh4 e5 8. Nxg6 hxg6 9. Be3 Be7 10. g3 b5 11. Bg2 a6 12. O-O Nbd7 13. Rad1 Qc7 14. f4 O-O 15. g4 b4 16. Na4 Rae8 17. b3 c5 18. dxe5 dxe5 19. Qxa6 Ra8 20. Qe2 exf4 21. Bxf4 Ne5 22. Qe3 Bd6 23. Qg3 Rfe8 24. c3 Nfd7 25. Rd5 Nf6 26. Rd2 g5 27. Bxg5 Nc4 28. Rxd6 Qxd6 29. Qxd6 Nxd6 30. e5 Rxa4 31. bxa4 Rxe5 32. Bxf6 gxf6 33. cxb4 cxb4 34. Rxf6 Nc4 35. Rf4 Rc5 36. Kf2 Ne5 37. Kg1 Nc4 38. Kh2 Ne3 39. Re4 Rc3 40. Kg1 Nc4 41. h4 Rc1+ 42. Kh2 Kg7 43. g5 Rc2 44. Kg3 Rc3+ 45. Kf4 Rc2 46. Bf3 Nb2 47. h5 Nxa4 48. Rxb4 Nc5 49. Rb5 Ne6+ 50. Kg4 Rc4+ 51. Kg3 Rc3 52. Rf5 Ra3 53. Rd5 Rxa2 54. h6+ Kg8 55. Rb5 Ra3 56. Kg4 Ra4+ 57. Kg3 Ra3 58. Kg4 Rxf3 59. Rb8+ Kh7 60. Kxf3 Nxg5+ {[%emt 0:00:02] Ke4} 1/2-1/2

[Event "4NCL Div 1 2018-19"]
[Site "Telford"]
[Date "2019.02.09"]
[Round "5.24"]
[White "Smith, Lynda"]
[Black "Fitzsimons, David"]
[Result "0-1"]
[ECO "B25"]
[WhiteElo "1930"]
[BlackElo "2301"]
[Annotator "NA"]
[PlyCount "52"]
[EventDate "2018.11.10"]
[EventType "team-tourn"]
[EventCountry "GBR"]
[SourceTitle "playchess.com"]
[Source "ChessBase"]
[SourceQuality "1"]
[TimeControl "40/6000+30:3000+30"]

1. e4 c5 2. Nc3 Nc6 3. g3 g6 4. Bg2 Bg7 5. d3 d6 6. h3 e5 7. Be3 Nge7 8. Qd2 h5 9. Nge2 Nd4 10. f4 Be6 11. O-O Qd7 12. Nd1 Bxh3 13. c3 Nxe2+ 14. Qxe2 h4 15. Bxh3 Qxh3 16. g4 f5 17. Nf2 Qg3+ 18. Kh1 exf4 19. Bxf4 Qxf4 20. exf5 gxf5 21. gxf5 Qxf5 22. Rae1 O-O-O 23. Qxe7 Qf3+ 24. Kg1 Rhg8 25. Qe6+ Kb8 26. Ng4 Bd4+ 0-1

[Event "4NCL Div 1 2018-19"]
[Site "Telford"]
[Date "2019.02.09"]
[Round "5.25"]
[White "Cornette, Matthieu"]
[Black "Taylor, Adam C"]
[Result "1/2-1/2"]
[ECO "B38"]
[WhiteElo "2584"]
[BlackElo "2372"]
[Annotator "ChessBase"]
[PlyCount "93"]
[EventDate "2018.11.10"]
[EventType "team-tourn"]
[EventCountry "GBR"]
[SourceTitle "playchess.com"]
[Source "ChessBase"]
[SourceQuality "1"]
[TimeControl "40/6000+30:3000+30"]

1. Nf3 Nf6 2. c4 c5 3. Nc3 g6 4. d4 cxd4 5. Nxd4 Nc6 6. e4 Bg7 7. Be3 O-O 8. Be2 d6 9. O-O Bd7 10. h3 Nxd4 11. Bxd4 Bc6 12. Qc2 a5 13. Rad1 Nd7 14. Bxg7 Kxg7 15. Bg4 Ne5 16. c5 Nxg4 17. hxg4 Qc8 18. cxd6 Qxg4 19. dxe7 Rfe8 20. Nd5 Bxd5 21. Qc3+ Kg8 22. exd5 Rxe7 23. d6 Rd7 24. Rd4 Qe6 25. Re1 Qf6 26. Red1 Kg7 27. R1d3 Ra6 28. Qd2 h5 29. Rd5 Rb6 30. R3d4 Rc6 31. Kh2 b6 32. g3 Qe6 33. a3 Qf6 34. Kg2 Qe6 35. b4 axb4 36. axb4 Qf6 37. Qd3 Qe6 38. Qd2 Kh7 39. Qf4 Kg7 40. Rd3 Qf6 41. Qd2 Qa1 42. Qe2 Rc1 43. Rd1 Rxd1 44. Rxd1 Qf6 45. Qd3 Qe5 46. Rd2 g5 47. Rd1 1/2-1/2

[Event "4NCL Div 1 2018-19"]
[Site "Telford"]
[Date "2019.02.09"]
[Round "5.25"]
[White "Gourlay, Iain"]
[Black "Turner, Matthew J"]
[Result "0-1"]
[ECO "A24"]
[WhiteElo "2358"]
[BlackElo "2536"]
[Annotator "ChessBase"]
[PlyCount "112"]
[EventDate "2018.11.10"]
[EventType "team-tourn"]
[EventCountry "GBR"]
[SourceTitle "playchess.com"]
[Source "ChessBase"]
[SourceQuality "1"]
[TimeControl "40/6000+30:3000+30"]

1. c4 Nf6 2. g3 g6 3. Bg2 Bg7 4. Nc3 O-O 5. d3 c6 6. e4 e5 7. Nge2 d6 8. O-O a6 9. b4 b5 10. cxb5 axb5 11. d4 exd4 12. Nxd4 Ng4 13. Bf4 Ne5 14. a4 bxa4 15. Rxa4 Rxa4 16. Qxa4 Qb6 17. b5 Qc5 18. Nce2 cxb5 19. Qxb5 Ba6 20. Qa4 Nc4 21. Qd1 Nb2 22. Qd2 Bxd4 23. Qxd4 Qxd4 24. Nxd4 Bxf1 25. Bxf1 Rc8 26. Bxd6 Nc6 27. Nxc6 Rxc6 28. Bf4 Rc2 29. Be5 Nd1 30. Bd4 Ra2 31. Bb5 Rd2 32. Ba7 Nc3 33. Bc6 Rd6 34. Bd5 Nxd5 35. exd5 Rxd5 36. h4 Kg7 37. Kg2 Rd3 38. Be3 Kf6 39. Kf3 Ke5 40. Kg2 Ke4 41. Bg5 Rd5 42. Be3 h5 43. Bh6 Rf5 44. Be3 Kd3 45. Bb6 Ke2 46. Be3 Rf3 47. Bd4 f5 48. Bb6 f4 49. gxf4 Rxf4 50. Kg3 Rg4+ 51. Kh3 Kf3 52. Ba7 Rg2 53. Bb6 Rxf2 54. Bc5 Rf1 55. Bd6 Rh1+ 56. Bh2 Rxh2+ 0-1

[Event "4NCL Div 1 2018-19"]
[Site "Telford"]
[Date "2019.02.09"]
[Round "5.26"]
[White "Taylor, Martin R"]
[Black "Sreeves, Clement"]
[Result "1/2-1/2"]
[ECO "D97"]
[WhiteElo "2337"]
[BlackElo "2358"]
[Annotator "NA"]
[PlyCount "58"]
[EventDate "2018.11.10"]
[EventType "team-tourn"]
[EventCountry "GBR"]
[SourceTitle "playchess.com"]
[Source "ChessBase"]
[SourceQuality "1"]
[TimeControl "40/6000+30:3000+30"]

1. d4 Nf6 2. c4 g6 3. Nc3 d5 4. Nf3 Bg7 5. Qb3 dxc4 6. Qxc4 O-O 7. e4 Nc6 8. Be2 e5 9. d5 Nd4 10. Nxd4 exd4 11. Qxd4 c6 12. Qc4 cxd5 13. exd5 b5 14. Qxb5 a5 15. Qb3 Re8 16. O-O a4 17. Qd1 a3 18. Rb1 Nxd5 19. Qxd5 Qxd5 20. Nxd5 Rxe2 21. bxa3 Bf5 22. Rb3 Bd4 23. Be3 Bxe3 24. Rxe3 Rxe3 25. Nxe3 Bd3 26. Rd1 Rxa3 27. h3 Kg7 28. Kh2 Kf6 29. Rd2 Ke5 1/2-1/2

[Event "4NCL Div 1 2018-19"]
[Site "Telford"]
[Date "2019.02.09"]
[Round "5.26"]
[White "Derakhshani, Borna"]
[Black "Szczepkowska, Karina"]
[Result "1/2-1/2"]
[ECO "D02"]
[WhiteElo "2324"]
[BlackElo "2404"]
[Annotator "ChessBase"]
[PlyCount "97"]
[EventDate "2018.11.10"]
[EventType "team-tourn"]
[EventCountry "GBR"]
[SourceTitle "playchess.com"]
[Source "ChessBase"]
[SourceQuality "1"]
[TimeControl "40/6000+30:3000+30"]

1. Nf3 Nf6 2. d4 d5 3. Bf4 c5 4. e3 Nc6 5. c3 Qb6 6. Qb3 c4 7. Qc2 Bf5 8. Qc1 Nh5 9. Be5 f6 10. Bg3 g5 11. Nbd2 Nxg3 12. hxg3 Qc7 13. Be2 O-O-O 14. b3 cxb3 15. axb3 Kb8 16. b4 e6 17. Nb3 b6 18. Qb2 h5 19. g4 Be4 20. b5 Ne7 21. Nbd2 Bg6 22. gxh5 g4 23. Nh4 Bxh5 24. g3 f5 25. Ng2 Bg7 26. Nf4 Bf7 27. Rxh8 Rxh8 28. Nd3 Be8 29. Nb4 Qb7 30. Qa3 Nc8 31. Qa4 Bf8 32. Nc6+ Bxc6 33. bxc6 Qc7 34. Ba6 Bd6 35. Bxc8 Rxc8 36. c4 Ka8 37. Ke2 Qh7 38. Rb1 Rb8 39. Qa2 Qf7 40. Rb5 dxc4 41. Nxc4 Qc7 42. d5 Bc5 43. Na5 Rd8 44. dxe6 Qd6 45. Qc2 Qd5 46. Nb7 Qf3+ 47. Ke1 Qh1+ 48. Ke2 Qf3+ 49. Ke1 1/2-1/2

[Event "4NCL Div 1 2018-19"]
[Site "Telford"]
[Date "2019.02.09"]
[Round "5.26"]
[White "Derakhshani, Borna"]
[Black "Szczepkowska, Karina"]
[Result "*"]
[ECO "B61"]
[WhiteElo "2324"]
[BlackElo "2404"]
[Annotator "NA"]
[PlyCount "33"]
[EventDate "2018.11.10"]
[EventType "team-tourn"]
[EventCountry "GBR"]
[SourceTitle "playchess.com"]
[Source "ChessBase"]
[SourceQuality "1"]
[TimeControl "40/6000+30:3000+30"]

1. e4 c5 2. Nf3 d6 3. d4 cxd4 4. Nxd4 Nf6 5. Nc3 Nc6 6. Bg5 Bd7 7. Qd2 Rc8 8. O-O-O Nxd4 9. Qxd4 Qa5 10. Bxf6 gxf6 11. f4 Bg7 12. Kb1 Qc5 13. f5 Bh6 14. Qxc5 Rxc5 15. Nd5 Rc8 16. Be2 Bc6 17. Rhf1 *

[Event "4NCL Div 1 2018-19"]
[Site "Telford"]
[Date "2019.02.09"]
[Round "5.27"]
[White "Kulon, Klaudia"]
[Black "De Verdier, Michael"]
[Result "1-0"]
[ECO "A13"]
[WhiteElo "2327"]
[BlackElo "2311"]
[Annotator "NA"]
[PlyCount "71"]
[EventDate "2018.11.10"]
[EventType "team-tourn"]
[EventCountry "GBR"]
[SourceTitle "playchess.com"]
[Source "ChessBase"]
[SourceQuality "1"]
[TimeControl "40/6000+30:3000+30"]

1. c4 e6 2. g3 d5 3. Bg2 Nf6 4. Nf3 dxc4 5. Na3 Bxa3 6. bxa3 Nbd7 7. Qc2 O-O 8. O-O c5 9. Qxc4 b6 10. Bb2 Bb7 11. Rfd1 Rc8 12. d3 Qe7 13. Qa4 a6 14. Rab1 Nd5 15. Qg4 f6 16. e4 Nc7 17. d4 cxd4 18. Bxd4 Nb5 19. a4 Na3 20. Rb3 Nc4 21. Bf1 Kh8 22. Bc3 Rfd8 23. Bb4 Qe8 24. Nd4 Nde5 25. Qe2 b5 26. axb5 axb5 27. f4 Nf7 28. Bh3 Ra8 29. Nxe6 Rxd1+ 30. Qxd1 Bxe4 31. Bf8 f5 32. Qd4 Nce5 33. Bxg7+ Kg8 34. Bxe5 Rxa2 35. Bh8 Nxh8 36. Qg7# 1-0

[Event "4NCL Div 1 2018-19"]
[Site "Telford"]
[Date "2019.02.09"]
[Round "5.27"]
[White "McKay, Roderick M"]
[Black "D'Costa, Lorin A R"]
[Result "1-0"]
[ECO "A46"]
[WhiteElo "2309"]
[BlackElo "2402"]
[Annotator "NA"]
[PlyCount "65"]
[EventDate "2018.11.10"]
[EventType "team-tourn"]
[EventCountry "GBR"]
[SourceTitle "playchess.com"]
[Source "ChessBase"]
[SourceQuality "1"]
[TimeControl "40/6000+30:3000+30"]

1. d4 Nf6 2. Nf3 e6 3. a3 b6 4. Bg5 Bb7 5. Nbd2 h6 6. Bxf6 Qxf6 7. e3 g6 8. Bd3 Bg7 9. Qe2 Qe7 10. c3 d6 11. h4 a6 12. O-O-O Nd7 13. Be4 c6 14. Bc2 b5 15. e4 c5 16. Nb3 Rc8 17. dxc5 dxc5 18. h5 g5 19. e5 Bd5 20. Rhe1 Nb6 21. Nbd2 Nc4 22. Nxc4 Bxc4 23. Qe3 b4 24. Qe4 Bb5 25. Rd6 bxa3 26. bxa3 Qc7 27. Red1 Ke7 28. Qg4 Rhd8 29. Nxg5 Bxe5 30. Rxe6+ fxe6 31. Qxe6+ Kf8 32. Qxh6+ Ke7 33. Qh7+ 1-0